 Dungeon Crawl Stone Soup version 0.31.0-32-g396128a36d (webtiles) character file.

Game seed: 1924581908202213972

402 monsoonserge the Ruffian (level 6, -8/42 HPs)
             Began as an Octopode Fighter on Mar 12, 2024.
             Mangled by Eustachio
             ... wielding a +0 rapier
              (11 damage)
             ... on level 4 of the Dungeon.
             The game lasted 00:07:35 (2864 turns).

monsoonserge the Ruffian (Octopode Fighter)         Turns: 2864, Time: 00:07:37

Health: -8/42      AC:  1    Str: 17    XL:     6   Next: 85%
Magic:  6/6        EV: 13    Int: 10    God:
Gold:   44         SH:  4    Dex: 12    Spells: 5/5 levels left

rFire   . .          .
                       - Unarmed
rCold   . . .        a - +0 buckler
rNeg    . . .        (helmet currently unavailable)
rPois   .            (no amulet)
rElec   .            (no ring)
rCorr   .            (no ring)
SInv    .            (no ring)
Will    .....        (no ring)
Stlth   +++          (no ring)
HPRegen 0.27/turn    (no ring)
MPRegen 0.10/turn    (no ring)
                     (no ring)

%: no passive effects
@: beast-form
A: beast (slay +0), almost no armour, amphibious, 8 rings, camouflage 1,
gelatinous body 1, (nimble swimmer 1), tentacles
a: Begin Untransformation


You were on level 4 of the Dungeon.
You were a hulking beast.
You visited 1 branch of the dungeon, and saw 4 of its levels.

You collected 183 gold pieces.
You spent 139 gold pieces at shops.

Inventory:

Missiles
 d - 12 poisoned darts (quivered)
 s - a throwing net
 t - 2 atropa-tipped darts
Armour
 a - a +0 buckler (worn)
Magical Staves
 p - a staff of air
 u - a staff of death
Talismans
 o - a storm talisman
 r - a beast talisman (active)
Scrolls
 f - 5 scrolls of identify {unknown}
 g - a scroll of silence {unknown}
 h - 6 scrolls of teleportation {unknown}
 j - a scroll of noise {unknown}
 k - a scroll of poison {unknown}
 l - 2 scrolls of acquirement {unknown}
 q - a scroll of vulnerability {unknown}
 w - a scroll of enchant weapon {unknown}
Potions
 b - 3 potions of might
 c - a potion of haste {unknown}
 e - 7 potions of curing
 i - a potion of enlightenment {unknown}
 m - a potion of lignification {unknown}
 n - a potion of mutation
 v - a potion of magic {unknown}


   Skills:
 + Level 3.0 Fighting
 + Level 3.0 Dodging
 + Level 4.0 Stealth
 + Level 3.3 Shields
 * Level 5.9 Unarmed Combat
 + Level 1.0 Shapeshifting


You had 5 spell levels left.
You didn't know any spells.
Your spell library contained the following spells:

 Spells                   Type           Power      Damage    Failure   Level
 Kiss of Death            Conj/Necr      0%         2d5       43%         1
 Confusing Touch          Hex            0%         N/A       82%         3
 Dispel Undead            Necr           0%         3d6       99%         4


Dungeon Overview and Level Annotations

Branches:
Dungeon (4/15)
 Temple: D:4-7

Altars:
Dithmenos
Kikubaaqudgha
Sif Muna

Shops:
D:2 !   D:3 (

Annotations:
D:4 Eustachio


Innate Abilities, Weirdness & Mutations

You are a hulking beast.
Your limbs bulge with bestial killing power. (Slay +0)
You cannot wear most types of armour.
You are amphibious.
You can wear up to eight rings at the same time.
Your skin changes colour to match your surroundings (Stealth+).
Your rubbery body absorbs attacks. (AC +1, EV +1)
((You are camouflaged when in or above water. (Stealth+)))
You have tentacles for arms and can constrict up to eight enemies at once.


Message History

You see here 4 stones.
The helpless Eustachio fails to defend himself.
You bludgeon Eustachio! Your grab misses Eustachio.
Eustachio is moderately wounded.
Eustachio hits you with a +0 rapier.
You tentacle-slap Eustachio but do no damage.
Your grab misses Eustachio.
Eustachio is moderately wounded.
Eustachio mumbles some strange words.
Eustachio blinks!
Eustachio hits you with a +0 rapier.
You miss Eustachio. You grab Eustachio.
Eustachio is moderately wounded.
You constrict Eustachio, but do no damage.
Eustachio hits you with a +0 rapier!
* * * LOW HITPOINT WARNING * * *
You tentacle-slap Eustachio but do no damage.
You squeeze Eustachio.
Eustachio is moderately wounded.
You constrict Eustachio.
Eustachio gestures wildly while chanting.
You barely miss Eustachio. You tentacle-slap Eustachio.
Eustachio is moderately wounded.
You constrict Eustachio. You block the bat's attack. x2
Eustachio hits you with a +0 rapier!
* * * LOW HITPOINT WARNING * * *
Unknown command.
Okay, then.
Okay, then.
Press: ? - help, v - describe, . - travel, g - get item
Here: Eustachio, wielding a +0 rapier and wearing a +3 leather armour of positive energy (heavily wounded, constricted by you) Item here: 4 stones.
The floor.
You bludgeon Eustachio! You squeeze Eustachio!
Eustachio is almost dead.
You constrict Eustachio. The bat hits you but does no damage. The bat hits you.
* * * LOW HITPOINT WARNING * * *
The bat hits you but does no damage. Eustachio hits you with a +0 rapier!
You die...
Eustachio says, "Such is the fate of all honourless rascals."

#.............#
############.#.# #.#
#.# ##### #### #.#
#... ..# #.# ..## #.#
#.# .#.## #.####.#####
_...### #......@h..#
.#....# #.....r.b..#
..#.#.###.....b....#
...##..............#
#...<................
#.########.........###
#.### #)........#
#...# #......<..#
#...# #..........


You could see Eustachio, a river rat (summoned) and 2 bats.

Vanquished Creatures
  A black bear (D:4)
  2 hounds (D:4)
  2 jellies
  2 orc priests (D:4)
  2 adders
  3 gnolls
  4 dart slugs
  6 orcs (D:4)
  4 bats
  9 endoplasms
  4 giant cockroaches
  6 hobgoblins
  3 jackals (D:3)
  5 kobolds
  2 quokkas
  3 ball pythons
  A frilled lizard (D:3)
  8 goblins
  6 rats
73 creatures vanquished.

Notes
Turn   | Place    | Note
-------+----------+-------------------------------------------
     0 | D:1      | monsoonserge the Octopode Fighter began the quest for the
                  | Orb.
     0 | D:1      | Reached XP level 1. HP: 16/16 MP: 1/1
   106 | D:1      | Found a faded altar of an unknown god.
   563 | D:2      | Reached XP level 2. HP: 21/21 MP: 2/2
   585 | D:2      | Reached skill level 1 in Stealth
   599 | D:2      | Reached skill level 3 in Unarmed Combat
   726 | D:2      | Reached XP level 3. HP: 26/26 MP: 3/3
   867 | D:2      | Found Dyrorr's Distillery.
   878 | D:2      | Bought a potion of degeneration for 10 gold pieces
   881 | D:2      | Bought a potion of mutation for 80 gold pieces
  1372 | D:2      | Bought a potion of curing for 30 gold pieces
  1465 | D:3      | Reached XP level 4. HP: 31/31 MP: 4/4
  1477 | D:3      | Found a shimmering blue altar of Sif Muna.
  1523 | D:3      | Reached skill level 4 in Unarmed Combat
  1818 | D:3      | Reached XP level 5. HP: 32/36 MP: 5/5
  2185 | D:3      | Found Obydor's Weapon Shop.
  2189 | D:3      | Bought 2 atropa-tipped darts for 19 gold pieces
  2297 | D:4      | Found an ancient bone altar of Kikubaaqudgha.
  2310 | D:4      | Found a shadowy altar of Dithmenos.
  2380 | D:4      | Noticed Eustachio
  2440 | D:4      | Reached skill level 5 in Unarmed Combat
  2449 | D:4      | Reached XP level 6. HP: 17/42 MP: 6/6
  2749 | D:4      | Noticed a black bear
  2760 | D:4      | Killed a black bear
  2854 | D:4      | Reached skill level 1 in Shapeshifting
  2864 | D:4      | Mangled by Eustachio

Illustrated notes

Levels and vault maps discovered:
D:1:      lightli_iron_boxes, layout_loops_ring,
          shapermc_ecumenical_altar_mp_ritualfount
D:2:      layout_basic, serial_shops, shop
D:3:      layout_basic, mainiacjoe_overflow_cross_hatched, serial_shops, shop
D:4:      layout_loops_corners, lemuel_crystal_altar, overflow_temple_1_default,
          uniq_eustachio

Skill      XL: |  1  2  3  4  5  6 |
---------------+-------------------+-----
Stealth        | 1 2 3 4 |  4.0
Unarmed Combat | 3 4 5 |  5.9
Shapeshifting  | 1 |  1.0
Fighting       | |  3.0
Dodging        | |  3.0
Shields        | |  3.3

Action                     |  1- 3 |  4- 6 || total
---------------------------+-------+-------++-------
  Melee: Unarmed           |    66 |    97 ||   163
         Constrict         |    17 |    19 ||    36
         Tentacles         |    13 |    19 ||    32
         Punch             |     2 |     2 ||     4
   Stab: Sleeping          |     4 |    13 ||    17
         Distracted        |       |     1 ||     1
 Armour: Skin              |    32 |    27 ||    59
  Dodge: Dodged            |    36 |    44 ||    80
  Block: Buckler           |    13 |    11 ||    24
   Form: Beast             |       |     1 ||     1
